Map: Efflorescence LE

Players

qqq - Winner!

  • Race: Zerg Zerg
  • League: Platinum
  • Spawn Location: 9:00

Massa - Winner!

  • Race: Terran Terran
  • League: Platinum
  • Spawn Location: 6:00

Kamel

  • Race: Zerg Zerg
  • League: Diamond
  • Spawn Location: 3:00

Gladi

  • Race: Terran Terran
  • League: Platinum
  • Spawn Location: 12:00

VOD

Have the link to the VOD?

Description

Time

  • Played on: Jan. 2, 2021, 7:45 a.m.
  • Length: 15:51
Show
View Real Time Build Order
Export as new Build Order

qqq Zerg - Winner!

Build Orders: Hatch First 

Get SALT Encoding   

  12  0:00  Drone  
  13  0:08  Drone  
  14  0:19  Overlord  
  14  0:47  Hatchery  
  13  0:50  Drone  
  13  0:53  Drone  
  15  0:57  Drone  
  16  1:10  Drone  
  17  1:30  Spawning Pool  
  17  1:32  Extractor  
  15  1:34  Drone x3  
  18  1:56  Drone x2  
  18  1:59  Drone  
  21  2:08  Extractor  
  20  2:12  Overlord  
  20  2:14  Drone  
  21  2:17  Queen x2  
  21  2:21  Zergling x2  
  27  2:28  Drone  
  28  2:39  Extractor  
  28  2:40  Zergling x4  
  29  2:44  Drone x2  
  29  2:49  Metabolic Boost  
  31  2:54  Zergling x2, Baneling Nest  
  31  2:55  Zergling x2  
  32  3:01  Zergling x2  
  33  3:09  Zergling x2  
  34  3:13  Zergling x2  
  34  3:19  Zergling x2  
  36  3:30  Overlord x4  
  36  3:36  Lair  
  36  3:40  Baneling  
  36  3:48  Zergling x2  
  36  3:49  Zergling x6  
  36  3:50  Zergling x2  
  41  3:57  Baneling x2  
  41  4:00  Zergling x4  
  41  4:01  Zergling x2  
  44  4:14  Zergling x6  
  44  4:15  Zergling x4  
  35  4:38  Zergling x4  
  35  4:39  Zergling x2  
  35  4:40  Zergling x2  
  35  4:41  Zergling x4  
  41  4:50  Drone  
  41  4:51  Extractor  
  41  4:57  Baneling  
  41  4:58  Baneling x3  
  41  5:00  Drone  
  41  5:02  Drone  
  41  5:04  Drone  
  43  5:31  Drone x3  
  43  5:32  Overlord  
  46  5:38  Drone x4  
  50  5:43  Zergling x2  
  50  5:49  Drone, Zergling x2  
  53  5:57  Hatchery  
  53  5:59  Spire  
  53  6:02  Infestation Pit  
  50  6:05  Zergling x4, Overlord  
  50  6:06  Drone  
  50  6:07  Drone x2  
  55  6:11  Drone  
  55  6:35  Drone x4  
  59  6:42  Hive  
  59  6:43  Drone  
  59  6:44  Drone x2  
  62  6:50  Overlord x3  
  62  7:04  Drone  
  63  7:10  Mutalisk  
  63  7:14  Extractor  
  64  7:16  Extractor, Drone x3  
  64  7:17  Queen  
  64  7:21  Zerg Flyer Weapons Level 1  
  68  7:28  Zergling x6  
  68  7:29  Drone x2  
  70  7:43  Drone  
  68  7:44  Drone x3  
  68  7:50  Mutalisk  
  73  7:51  Drone  
  73  7:52  Drone x2  
  73  7:55  Drone  
  73  7:56  Drone  
  77  8:08  Mutalisk x2  
  77  8:10  Drone  
  82  8:14  Extractor  
  82  8:15  Extractor  
  80  8:25  Hatchery, Drone x2  
  80  8:26  Drone x3  
  84  8:33  Hatchery  
  83  8:36  Drone  
  83  8:40  Viper  
  87  8:59  Mutalisk  
  87  9:02  Viper  
  92  9:16  Mutalisk  
  88  9:18  Mutalisk  
  91  9:34  Spine Crawler  
  91  9:36  Mutalisk x2  
  79  9:43  Mutalisk  
  79  9:44  Drone  
  66  10:10  Mutalisk x3  
  72  10:25  Viper  
  75  10:35  Drone x6  
  81  10:42  Queen  
  83  10:44  Queen  
  83  10:48  Hatchery  
  83  10:49  Zergling x12  
  90  10:53  Drone x2  
  92  11:28  Mutalisk  
  92  11:29  Mutalisk x5  
  102  11:42  Corruptor x2  
  103  11:49  Mutalisk  
  103  11:51  Zergling x8  
  103  11:52  Drone  
  103  11:53  Drone  
  110  12:21  Mutalisk  
  110  12:22  Mutalisk x2  
  116  12:26  Drone  
  116  12:27  Drone  
  116  12:29  Overlord x5  
  118  12:31  Greater Spire  
  118  12:38  Overlord x2  
  109  13:03  Mutalisk x3  
  109  13:04  Zergling x2  
  109  13:05  Zergling x4  
  109  13:28  Viper  
  109  13:30  Zergling x8  
  109  13:31  Drone x5  
  109  13:32  Drone x4  
  109  13:33  Queen  
  124  13:42  Extractor  
  124  13:44  Extractor  
  124  13:45  Extractor  
  124  13:46  Extractor  
  120  13:50  Drone x3  
  102  14:07  Mutalisk x2  
  102  14:08  Viper  
  102  14:09  Mutalisk x2  
  112  14:25  Drone x4, Hatchery  
  112  14:26  Drone x5  
  120  14:33  Brood Lord  
  120  14:35  Zergling x4  
  120  14:36  Zergling x6  
  127  14:46  Drone x6  
  127  14:47  Drone x6  
  139  14:58  Spine Crawler x2  
  139  14:59  Spine Crawler  
  136  15:02  Spine Crawler  
  136  15:03  Drone x5  
  136  15:04  Drone x3, Spine Crawler  
  142  15:15  Baneling x2  
  142  15:16  Baneling x7  
  142  15:20  Corruptor x6  
  150  15:22  Drone x4  
  150  15:23  Drone x4  
Show
View Real Time Build Order
Export as new Build Order

Massa Terran - Winner!

Build Orders:  

Get SALT Encoding   

  12  0:00  SCV  
  13  0:12  SCV  
  14  0:21  Supply Depot  
  14  0:24  SCV  
  15  0:31  Refinery  
  15  0:43  SCV  
  15  0:45  Barracks  
  16  0:57  SCV  
  17  1:12  SCV, Barracks  
  18  1:23  Barracks  
  18  1:28  SCV  
  19  1:38  Barracks Tech Lab  
  19  1:40  SCV  
  19  1:46  Supply Depot  
  20  1:58  Reaper  
  21  2:06  Marine  
  22  2:09  Orbital Command  
  22  2:13  Marine  
  23  2:24  Marine  
  24  2:30  Marine  
  25  2:40  Supply Depot  
  25  2:44  Marine  
  25  2:45  Marine  
  25  2:48  Marauder  
  25  2:50  Stimpack  
  29  3:02  Marine x2, Supply Depot  
  31  3:10  Marauder  
  33  3:20  Marine x2  
  33  3:25  Supply Depot  
  35  3:31  Marauder  
  37  3:37  Marine  
  37  3:39  Marine  
  39  3:48  Supply Depot  
  39  3:52  Marauder  
  41  3:55  Marine  
  41  3:57  Marine  
  43  4:13  Marine  
  43  4:14  Marauder, Marine  
  46  4:31  Marine  
  44  4:32  Marine  
  44  4:35  Marauder  
  38  4:56  Marauder  
  38  4:59  Factory  
  40  5:01  Command Center  
  40  5:02  Supply Depot  
  34  5:27  Marauder  
  36  5:28  SCV  
  37  5:36  Barracks Tech Lab  
  37  5:37  Barracks Reactor  
  37  5:40  SCV  
  38  5:49  Marauder  
  40  5:56  Factory Tech Lab  
  38  6:01  Starport  
  38  6:02  Refinery  
  38  6:04  Engineering Bay  
  38  6:06  Armory  
  38  6:08  SCV  
  39  6:12  Orbital Command  
  39  6:20  SCV  
  39  6:25  Combat Shield  
  40  6:33  Widow Mine, SCV  
  40  6:38  SCV  
  44  6:45  SCV, Supply Depot  
  45  6:50  SCV  
  45  6:51  Medivac  
  48  6:57  SCV  
  49  7:03  SCV  
  49  7:07  Supply Depot  
  50  7:09  SCV  
  51  7:16  SCV  
  51  7:19  Siege Tank  
  55  7:28  Missile Turret  
  55  7:30  Viking  
  55  7:33  Marauder, Marine  
  55  7:35  Marine x2  
  62  7:38  SCV x2  
  64  7:50  SCV x2  
  66  7:51  Marine  
  67  8:02  SCV x2  
  69  8:07  Refinery  
  69  8:15  Command Center  
  69  8:18  Terran Infantry Weapons Level 1  
  69  8:20  Siege Tank  
  69  8:23  Engineering Bay  
  72  8:27  Marauder x2, Marine x2  
  78  8:39  SCV  
  78  8:40  SCV  
  80  8:43  Refinery  
  80  8:44  Starport Tech Lab  
  80  8:45  Marine x2  
  80  8:48  Marine  
  82  8:51  Terran Infantry Armor Level 1, SCV  
  82  8:52  SCV  
  82  8:54  Concussive Shells  
  85  8:56  Widow Mine  
  87  9:17  Widow Mine  
  87  9:21  Marauder  
  87  9:22  Marauder, Marine x2  
  95  9:33  Starport  
  95  9:40  Marine x2  
  95  9:43  Marauder x2  
  68  10:04  Marauder x2, Marine x2  
  68  10:06  Siege Tank  
  64  10:08  Medivac  
  66  10:22  Marine x2  
  66  10:23  Barracks x2  
  66  10:25  Marauder, Marine  
  66  10:27  Barracks  
  71  10:38  Starport Reactor, Raven, Siege Tank  
  71  10:40  Marine x2  
  78  10:44  Marauder  
  74  11:00  Marauder, Marine x2  
  69  11:05  Marauder  
  69  11:10  Planetary Fortress  
  71  11:16  SCV x2  
  71  11:18  Marine x2  
  75  11:21  Marauder  
  77  11:26  Marauder  
  77  11:28  SCV  
  77  11:29  SCV  
  81  11:32  Barracks Reactor, Barracks Tech Lab  
  81  11:33  Barracks Reactor  
  81  11:35  Marine  
  81  11:36  Marine  
  83  11:40  SCV  
  83  11:41  SCV, Terran Infantry Weapons Level 2  
  83  11:43  Marauder  
  87  11:48  Marauder, Viking  
  87  11:52  SCV  
  87  11:53  SCV, Marine  
  94  12:04  SCV, Marauder  
  94  12:05  SCV  
  95  12:09  Marauder  
  97  12:15  Siege Tank  
  97  12:16  SCV  
  97  12:17  SCV  
  86  12:45  Raven  
  86  12:46  Medivac x2  
  86  12:48  Siege Tank  
  92  12:57  Marine x9  
  95  13:14  Marine  
  95  13:15  Marine x8  
  95  13:16  Medivac  
  106  13:20  Refinery x2, Siege Tank  
  106  13:30  Command Center  
  106  13:32  Marine  
  66  14:31  Marauder x3, Marine  
  68  14:32  Marine x5  
  68  14:33  Siege Tank  
  68  14:36  Raven, Medivac x2  
  87  14:47  Planetary Fortress  
  87  14:49  Marine  
  87  14:50  Marine x5  
  87  14:52  Marauder  
  95  14:53  Marauder x2  
  95  14:57  Command Center  
  99  15:06  Medivac, Siege Tank  
  104  15:07  Marine  
  104  15:14  Marauder x3  
Show
View Real Time Build Order
Export as new Build Order

Kamel Zerg 

Build Orders: Hatch First 

Get SALT Encoding   

  12  0:01  Drone  
  13  0:11  Drone  
  14  0:20  Overlord  
  14  0:38  Drone x3  
  17  0:50  Drone  
  18  1:02  Drone  
  18  1:03  Hatchery  
  18  1:11  Drone  
  19  1:19  Spawning Pool  
  19  1:21  Extractor  
  19  1:22  Drone  
  18  1:32  Drone  
  19  1:43  Overlord  
  19  1:55  Drone  
  20  2:04  Drone  
  20  2:07  Queen  
  23  2:15  Queen  
  23  2:16  Zergling x2  
  23  2:17  Zergling x2  
  27  2:26  Drone  
  27  2:27  Zergling x2  
  29  2:50  Overlord  
  29  2:59  Zergling x10  
  34  3:09  Zergling x2  
  34  3:12  Zergling x2  
  36  3:18  Zergling x6  
  36  3:19  Metabolic Boost  
  39  3:28  Zergling x10  
  44  3:35  Overlord  
  44  3:36  Baneling Nest  
  44  3:37  Zergling x2  
  44  3:44  Overlord  
  44  3:45  Overlord  
  44  3:53  Zergling x4  
  44  3:54  Zergling x2  
  47  4:09  Overlord  
  47  4:10  Overlord  
  47  4:11  Zergling x6  
  47  4:23  Zergling x4  
  44  4:32  Zergling x6  
  44  4:33  Zergling x2  
  44  4:37  Zergling x2  
  44  4:38  Zergling x2  
  41  4:40  Zergling x2  
  41  4:41  Zergling x2  
  41  4:47  Zergling x4  
  43  4:58  Zergling x4  
  37  5:26  Zergling x14  
  41  5:31  Roach Warren  
  41  5:32  Extractor, Zergling x2  
  40  5:39  Drone x2  
  42  5:45  Drone  
  42  5:47  Queen  
  42  6:02  Baneling  
  42  6:03  Baneling x8  
  43  6:11  Drone x2  
  43  6:12  Drone  
  45  6:20  Drone x2  
  47  6:29  Lair  
  47  6:37  Drone x3  
  50  6:40  Drone  
  50  6:43  Drone  
  50  6:44  Drone  
  53  6:48  Drone x2  
  53  6:53  Evolution Chamber  
  54  6:55  Drone  
  54  6:59  Drone x2  
  57  7:03  Drone, Extractor  
  57  7:09  Drone x3  
  57  7:10  Drone  
  57  7:14  Overlord  
  61  7:20  Zerg Missile Weapons Level 1  
  61  7:27  Extractor  
  60  7:31  Overlord x3  
  60  7:35  Glial Reconstitution  
  60  7:40  Spore Crawler  
  59  7:44  Spore Crawler  
  59  7:45  Drone  
  59  7:48  Drone  
  59  7:49  Drone  
  62  7:51  Drone  
  62  8:00  Queen  
  64  8:05  Spore Crawler  
  64  8:06  Spore Crawler  
  62  8:15  Centrifical Hooks  
  62  8:23  Pneumatized Carapace  
  62  8:26  Roach x4  
  70  8:36  Drone x2  
  70  8:40  Overlord x2  
  72  8:46  Roach x3  
  78  9:03  Roach  
  79  9:18  Hatchery  
  79  9:19  Roach x6  
  79  9:42  Roach x6  
  79  9:43  Roach x2  
  90  9:58  Roach x5  
  95  10:16  Roach  
  95  10:17  Hydralisk Den, Roach x2  
  95  10:18  Overlord x2  
  100  10:35  Overlord x4  
  100  10:43  Drone  
  100  10:44  Drone x3  
  70  11:08  Overseer x2  
  62  11:11  Hydralisk, Muscular Augments  
  62  11:12  Hydralisk x2  
  62  11:18  Spore Crawler  
  67  11:36  Hydralisk x6  
  67  11:37  Hydralisk  
  60  11:56  Hydralisk x3  
  66  12:05  Roach x3  
  64  12:23  Grooved Spines  
  64  12:24  Roach x4  
  64  12:25  Roach  
  52  12:40  Zergling x10  
  52  12:41  Zergling x2  
  56  12:51  Roach x2  
  45  13:12  Hydralisk x4  
  50  13:24  Zergling x8  
  50  13:25  Zergling x2  
  51  13:28  Zergling x2  
  51  13:30  Zergling x2  
  51  13:33  Zergling x2  
  54  13:37  Zergling x2  
  54  13:38  Zergling x2  
  56  13:43  Zergling x4  
  56  13:46  Zergling x2  
  59  13:51  Zergling x2  
  59  13:52  Zergling x6  
  51  14:04  Baneling  
  51  14:05  Baneling x3, Zergling x2  
  51  14:06  Zergling x12  
  51  14:07  Hatchery  
  57  14:12  Zergling x2  
  51  14:17  Zergling x2  
  50  14:24  Zergling x2  
  49  14:33  Zergling x16  
  57  14:54  Zergling x6  
  57  14:57  Hydralisk  
  62  15:05  Zergling x12  
  67  15:18  Zergling x2  
  67  15:19  Hydralisk, Zergling x2  
Show
View Real Time Build Order
Export as new Build Order

Gladi Terran 

Build Orders: Gas First Reaper Expand 

Get SALT Encoding   

  12  0:00  SCV  
  13  0:12  SCV  
  14  0:17  Supply Depot  
  14  0:24  SCV  
  15  0:30  Refinery  
  15  0:42  Barracks  
  15  0:47  SCV  
  16  1:05  SCV  
  17  1:18  SCV  
  18  1:30  Reaper  
  19  1:38  Command Center  
  19  1:50  Orbital Command  
  19  2:06  Factory  
  19  2:17  Barracks Reactor  
  19  2:19  SCV  
  19  2:21  Refinery  
  20  2:26  Supply Depot  
  20  2:42  SCV  
  20  2:54  SCV  
  21  3:05  Starport  
  21  3:07  Orbital Command  
  21  3:10  SCV  
  22  3:14  Hellion x2  
  22  3:18  Barracks Tech Lab  
  26  3:32  Refinery  
  26  3:38  Hellion x2  
  30  3:51  SCV x2  
  32  3:57  Starport Reactor  
  31  4:10  SCV  
  31  4:11  SCV  
  33  4:17  Starport  
  33  4:20  Hellion x2  
  33  4:23  SCV x2  
  39  4:26  Refinery  
  39  4:41  Hellion x2  
  43  4:56  Liberator  
  43  4:57  Factory  
  46  5:04  Hellion  
  46  5:05  SCV x2  
  46  5:06  Supply Depot  
  48  5:17  SCV  
  47  5:25  Starport Tech Lab  
  45  5:29  Supply Depot  
  45  5:30  Stimpack  
  45  5:31  SCV x2  
  45  5:35  Factory Tech Lab  
  47  5:37  Refinery  
  47  5:43  SCV x2  
  49  5:53  Factory Tech Lab  
  49  5:55  SCV x2, Viking  
  53  5:59  Supply Depot  
  53  6:07  Command Center  
  53  6:09  SCV x2  
  55  6:22  Supply Depot  
  55  6:48  Siege Tank x2  
  55  6:51  Viking  
  55  6:54  Supply Depot  
  63  6:55  SCV x2  
  63  7:01  Armory  
  65  7:06  Marauder  
  65  7:07  SCV  
  68  7:15  SCV  
  69  7:19  SCV  
  70  7:25  Supply Depot  
  70  7:27  SCV  
  71  7:30  SCV  
  71  7:31  SCV  
  71  7:34  Supply Depot  
  73  7:37  Siege Tank x2  
  73  7:39  SCV  
  73  7:40  Viking x2  
  81  7:51  Armory  
  81  7:52  Terran Vehicle Weapons Level 1  
  81  7:53  SCV x3  
  84  8:01  Engineering Bay  
  82  8:13  Thor  
  82  8:14  Thor  
  94  8:25  Factory  
  94  8:35  Liberator  
  94  8:38  SCV x2  
  94  8:39  SCV  
  100  8:45  Refinery  
  100  8:47  Refinery, Missile Turret  
  100  8:50  SCV  
  100  8:51  Missile Turret  
  100  8:52  Missile Turret  
  100  8:53  Missile Turret  
  100  8:54  Supply Depot  
  101  8:56  Missile Turret x2  
  101  8:57  Missile Turret  
  101  9:09  Missile Turret  
  99  9:15  SCV x3  
  101  9:18  Supply Depot  
  101  9:27  SCV x3  
  101  9:28  Siege Tank x2  
  101  9:29  Liberator  
  101  9:30  Missile Turret  
  113  9:39  SCV x3  
  116  9:50  Missile Turret  
  87  10:00  Siege Tank  
  87  10:02  Liberator  
  87  10:03  Liberator  
  87  10:05  Siege Tank  
  92  10:15  Liberator  
  89  10:25  Marine  
  90  10:32  Siege Tank  
  93  10:38  Terran Vehicle Weapons Level 2  
  93  10:39  Terran Vehicle And Ship Armor Level 1  
  93  10:41  SCV x3  
  93  10:42  Supply Depot  
  96  10:43  Marine  
  96  10:48  Factory Tech Lab  
  97  10:53  SCV x2  
  97  10:54  Command Center, Thor  
  97  10:56  Supply Depot  
  93  11:22  Thor  
  87  11:40  Refinery  
  87  11:43  Refinery  
  87  11:52  Thor  
  87  11:53  Supply Depot  
  93  11:59  Starport Tech Lab  
  88  12:23  Thor x2  
  100  12:34  Thor  
  106  12:41  Factory  
  106  12:46  Viking x2  
  85  13:06  Thor  
  84  13:20  Viking x2  
  87  13:28  Thor  
  87  13:29  Thor  
  85  13:36  SCV  
  85  13:37  SCV x2  
  88  13:49  SCV x2  
  88  13:51  Command Center  
  88  13:54  Thor  
  92  13:56  Marine  
  66  14:11  Thor x2  
  66  14:14  Viking x2  
  75  14:22  Command Center  
  72  14:44  Viking  
  74  14:59  Thor x2  
  86  15:18  Command Center  
  86  15:19  Refinery  
  92  15:23  Refinery  
  89  15:39  Refinery  
Tags
 
Add a new tag
Caveats
  • Supply blocks, unpowered buildings, or Contaminate may cause inaccurate times.
  • Supply counts are checked every 10 seconds.